 Dungeon Crawl Stone Soup version 0.28-a0-750-g7c675f85b1 (webtiles) character file.

Game seed: 11737603505490047252

1127 ytrimaz the Chopper (level 8, -6/60 HPs)
             Began as a Demonspawn Gladiator on Oct 29, 2021.
             Killed from afar by an orc wizard (9 damage)
             ... with a puff of flame
             ... on level 5 of the Dungeon.
             The game lasted 00:06:59 (7252 turns).

ytrimaz the Chopper (Demonspawn Gladiator)          Turns: 7252, Time: 00:06:59

Health: -6/60      AC:  6    Str: 18    XL:     8   Next: 13%
Magic:  8/8        EV: 13    Int: 11    God:
Gold:   274        SH:  0    Dex: 14    Spells: 7/7 levels left

rFire   . . .      SeeInvis .   a - +1 war axe
rCold   . . .      Faith    .   (no shield)
rNeg    . . .      Spirit   .   b - +0 leather armour
rPois   .          Reflect  .   t - +2 hat
rElec   .          Harm     .   j - +0 cloak
rCorr   .          Rampage  .   (no gloves)
Will    .....                   (no boots)
Stlth   +.........              (no amulet)
HPRegen 0.20/turn               (no ring)
MPRegen 0.11/turn               (no ring)

@: confused
A: claws 1, large bone plates 1, powered by pain 1, hooves 1, strong 1,
MP-powered wands
a: no special abilities


You were on level 5 of the Dungeon.
You visited 1 branch of the dungeon, and saw 5 of its levels.
You also visited: Sewer.

You collected 274 gold pieces.

Inventory:

Hand Weapons
 a - a +1 war axe (weapon)
Missiles
 d - 3 throwing nets (quivered)
Armour
 b - a +0 leather armour (worn)
 c - a +0 helmet
 j - a +0 cloak (worn)
 n - a +0 buckler
 t - a +2 hat (worn)
Scrolls
 g - a scroll of amnesia
 h - 3 scrolls of identify
 i - a scroll of fear
 o - a scroll of fog
 p - 5 scrolls of teleportation
Potions
 e - 6 potions of flight
 f - a potion of cancellation
 k - a potion of degeneration


   Skills:
 + Level 4.3 Fighting
 - Level 5.3 Axes
 - Level 1.9 Throwing
 - Level 0.3 Armour
 * Level 5.3 Dodging
 * Level 3.3 Shields
 * Level 2.4 Unarmed Combat


You had 7 spell levels left.
You didn't know any spells.
Your spell library contained the following spells:

 Spells                   Type           Power      Damage    Failure   Level
 Beastly Appendage        Tmut           0%         N/A       38%         1
 Wereblood                Tmut           0%         N/A       54%         2
 Spider Form              Tmut/Pois      0%         N/A       77%         3


Dungeon Overview and Level Annotations

Branches:
Dungeon (5/15)              Sewer (visited)
 Temple: D:4-7

Altars:
Dithmenos

Shops:
D:2 (


Innate Abilities, Weirdness & Mutations

You have sharp fingernails.
You are partially covered in large bone plates. (SH +4)
You sometimes gain a little power by taking damage.
You have large cloven feet.
Your muscles are strong. (Str +2)
You expend magic power (3 MP) to strengthen your wands.


Message History

The orc hits you but does no damage.
You slash the orc!
You kill the orc!
You block the orc priest's attack. The orc priest misses you.
The orc priest closely misses you.
Things that are here:
a +0 hand axe; a +0 leather armour You slash the orc priest!
You kill the orc priest!
You slash the orc!
You kill the orc!
The orc priest mumbles some strange prayers to Beogh against you.
Pain shoots through your body!
* * * LOW HITPOINT WARNING * * *
The orc priest looks satisfied for a moment.
Items here: )) [ ††.
You hit the orc priest. Your kick misses the orc priest.
The orc priest is moderately wounded.
The orc priest closely misses you.
You closely miss the orc priest. You kick the orc priest.
The orc priest is heavily wounded.
You block the orc priest's attack.
You slash the orc priest!
You kill the orc priest!
You slash something! Your kick misses something. Something hits you.
* * * LOW HITPOINT WARNING * * *
Something hits you but does no damage.
You miss something. You kick something. Something hits you but does no damage.
Okay, then.
You closely miss something.
You hear some strange, mumbled words.
You are confused.
You closely miss something. Your kick misses something.
Something barely misses you.
Unknown command.
You bump into the rock wall.
You hear some strange, mumbled words.
A puff of flame appears from out of thin air!
The puff of flame hits you!
You die...

..#.§§#.(.###...##########....
#.#.#§#§##.#
#.................
#.§§._.§§..#
#...##########....
###§#.#§#### #.....# #....
##§§§## #...#.# #?... .#.##
#.###.# #.... #...# #.# #
#.#.# # ### #)# #.#.# #@#
#.#.# #{# #.# ... #.# #.# ..#
###


There were no monsters in sight!

Vanquished Creatures
  Pikel (D:4)
  Sigmund (D:4)
  Blork the orc (D:4)
  A kobold brigand (D:4)
  A scorpion (D:5)
  A howler monkey (D:5)
  A hound (D:5)
  2 orc priests (D:5)
  Natasha (thrice) (D:4)
  A scorpion zombie (D:5)
  3 adders
  5 worms
  3 dart slugs
  7 orcs
  6 ball pythons
  14 bats
  9 endoplasms
  5 giant cockroaches
  6 goblins
  4 hobgoblins (D:1)
  6 jackals
  3 kobolds (D:3)
  A quokka (Sewer)
  5 frilled lizards
  14 rats
104 creatures vanquished.

Vanquished Creatures (others)
  2 killer bees (D:5)
2 creatures vanquished.

Grand Total: 106 creatures vanquished

Notes
Turn   | Place    | Note
-------+----------+-------------------------------------------
     0 | D:1      | ytrimaz the Demonspawn Gladiator began the quest for the
                  | Orb.
     0 | D:1      | Reached XP level 1. HP: 16/16 MP: 1/1
   186 | D:1      | Gained mutation: You sometimes gain a little power by
                  | taking damage. [demonic ancestry]
   186 | D:1      | Reached XP level 2. HP: 22/22 MP: 2/2
   228 | D:1      | Found a faded altar of an unknown god.
  1271 | D:2      | Gained mutation: You are partially covered in large bone
                  | plates. (SH +4) [demonic ancestry]
  1271 | D:2      | Reached XP level 3. HP: 23/27 MP: 3/3
  1733 | D:2      | Found Kicozoim's Antique Weapon Boutique.
  2688 | D:3      | Reached XP level 4. HP: 20/33 MP: 4/4
  2694 | D:3      | Found a glowing drain.
  2731 | Sewer    | Entered a sewer
  4634 | D:3      | Reached skill level 1 in Shields
  5365 | D:4      | Noticed a lemure
  5365 | D:4      | Noticed Pikel
  5366 | D:4      | Noticed a lemure
  5367 | D:4      | Noticed a lemure
  5371 | D:4      | Noticed a lemure
  5402 | D:4      | Killed Pikel
  5403 | D:4      | Reached skill level 5 in Axes
  5403 | D:4      | Gained mutation: You have sharp fingernails. [demonic
                  | ancestry]
  5403 | D:4      | Reached XP level 5. HP: 4/41 MP: 5/5
  5403 | D:4      | Reached XP level 6. HP: 5/47 MP: 6/6
  5403 | D:4      | Reached XP level 7. HP: 6/52 MP: 7/7
  5781 | D:4      | Noticed Sigmund
  5798 | D:4      | Gained mutation: Your muscles are strong. (Str +2) [potion
                  | of mutation]
  5798 | D:4      | Gained mutation: You have large cloven feet. [potion of
                  | mutation]
  5798 | D:4      | Gained mutation: You expend magic power (3 MP) to
                  | strengthen your wands. [potion of mutation]
  6229 | D:4      | Killed Sigmund
  6230 | D:4      | Reached skill level 1 in Unarmed Combat
  6528 | D:4      | Noticed Natasha
  6534 | D:4      | Killed Natasha
  6583 | D:4      | Noticed Natasha
  6589 | D:4      | Killed Natasha
  6641 | D:4      | Noticed Blork the orc
  6650 | D:4      | Killed Blork the orc
  6670 | D:4      | Noticed Natasha
  6675 | D:4      | Killed Natasha
  6870 | D:5      | Entered Level 5 of the Dungeon
  6896 | D:5      | Reached skill level 5 in Dodging
  7008 | D:5      | Found a shadowy altar of Dithmenos.
  7069 | D:5      | Reached XP level 8. HP: 55/60 MP: 8/8
  7248 | D:5      | HP: 3/60 [something (3)]
  7252 | D:5      | Killed from afar by an orc wizard

Illustrated notes

Levels and vault maps discovered:
D:1:      evilmike_arrival_crescent, layout_loops_cross,
          dreamdust_ecumenical_altar_grove
D:2:      layout_basic, serial_shops, nicolae_shop_behind_doors,
          roderic_serpentine_path, chequers_decorated_corner
D:3:      layout_loops_ring, gup_sewer_entry_bubbles
D:4:      layout_rooms, uniq_blork_the_orc, uniq_sigmund, uniq_pikel,
          uniq_natasha
D:5:      layout_basic, grunt_dithmenos_smoke_and_mirrors, serial_shops, shop,
          lemuel_old_faithful

Skill      XL: |  1  2  3  4  5  6  7 |
---------------+----------------------+-----
Dodging        | 3 4 5 |  5.3
Axes           | 3 5 |  5.3
Shields        | 2 3 |  3.3
Fighting       | 3 4 |  4.3
Unarmed Combat | 2 |  2.4
Throwing       | |  1.9
Armour         | |  0.3

Action                   |  1- 3 |  4- 6 |  7- 9 || total
-------------------------+-------+-------+-------++-------
Melee: War axe           |   107 |   102 |    90 ||   299
       Kick              |       |       |    24 ||    24
       Punch             |       |       |     1 ||     1
  Use: Scroll            |     7 |     3 |       ||    10
       Potion            |       |     8 |     2 ||    10
 Stab: Sleeping          |     1 |       |       ||     1
       Invisible         |       |     1 |       ||     1
Armor: Leather armour    |    42 |    68 |    16 ||   126
       Skin              |       |       |    11 ||    11
Dodge: Dodged            |    86 |   121 |    46 ||   253
Block: Other             |     8 |    28 |    14 ||    50

Table legend: (Time is in decaauts)
 A = Elapsed time spent in this place.
 B = Non-inter-level travel time spent in this place.
 C = Inter-level travel time spent in this place.
 D = Time resting spent in this place.
 E = Time spent auto-exploring this place.
 F = Levels seen in this place.
 G = Mean time per level.
                   A        B        C        D        E       F      G
               +--------+--------+--------+--------+--------+-----+--------+
         Total |   7521 |   7320 |    201 |   1742 |   4406 |   6 | 1253.5 |
       Dungeon |   5588 |   5387 |    201 |    653 |   3810 |   5 | 1117.6 |
         Sewer |   1933 |   1933 |      0 |   1089 |    596 |   1 | 1933.0 |
               +--------+--------+--------+--------+--------+-----+--------+

Top non-repeatable levels by time:
   Sewer: 1933 daAuts
     D:3: 1490 daAuts
     D:2: 1427 daAuts
     D:4: 1169 daAuts
     D:1: 1108 daAuts
     D:5: 392 daAuts
